 Dungeon Crawl Stone Soup version 0.29-a0-378-gc08b2e8bf8 (webtiles) character file.

Game seed: 13020066058024605243

480 spaghetti the Chucker (level 7, -14/50 HPs)
             Began as a Gnoll Wanderer on May 5, 2022.
             Was an Initiate of Gozag.
             Killed by divine providence
             ... invoked by an orc priest
              (16 damage)
             ... on level 5 of the Dungeon.
             The game lasted 00:09:44 (4050 turns).

spaghetti the Chucker (Gnoll Wanderer)              Turns: 4050, Time: 00:09:44

Health: -14/50     AC: 11    Str: 14    XL:     7   Next: 12%
Magic:  0/12       EV: 10    Int: 12    God:    Gozag
Gold:   81         SH:  0    Dex: 10    Spells: 9/13 levels left

rFire   . . .      SeeInvis .   j - +3 quarterstaff (chaos) {staff}
rCold   . . .      Faith    .   (shield currently unavailable)
rNeg    . . .      Spirit   +   c - +2 scale mail
rPois   .          Reflect  .   p - +0 helmet
rElec   .          Harm     .   u - +0 cloak
rCorr   .          Rampage  .   (no gloves)
Will    .....                   (no boots)
Stlth   ..........              f - amulet of guardian spirit
HPRegen 0.16/turn               (no ring)
MPRegen 0.13/turn               (no ring)

@: gold aura, very slightly contaminated, hasted, very quick
A: fangs 1, strong nose, distributed training
a: Renounce Religion, Potion Petition, Call Merchant, Bribe Branch


You were on level 5 of the Dungeon.
You worshipped Gozag.
Gozag was noncommittal.
You visited 2 branches of the dungeon, and saw 6 of its levels.

You collected 285 gold pieces.
You spent 123 gold pieces at shops.
You paid 81 gold pieces to Gozag.


Innate Abilities, Weirdness & Mutations

You have very sharp teeth.
Your uncanny sense of smell can sniff out nearby items.
Your experience applies equally to all skills.


   Skills:
 + Level 2.2 Fighting
 + Level 2.2 Short Blades
 + Level 2.2 Long Blades
 + Level 2.2 Axes
 + Level 2.2 Maces & Flails
 + Level 2.2 Polearms
 + Level 2.2 Staves
 + Level 2.2 Slings
 + Level 2.2 Bows
 + Level 2.2 Crossbows
 + Level 6.9 Throwing
 + Level 5.1 Armour
 + Level 5.1 Dodging
 + Level 2.2 Stealth
 + Level 2.2 Shields
 + Level 2.2 Unarmed Combat
 + Level 3.6 Spellcasting
 + Level 1.8 Conjurations
 + Level 1.8 Hexes
 + Level 1.8 Summonings
 + Level 4.2 Necromancy
 + Level 1.8 Translocations
 + Level 1.8 Transmutations
 + Level 1.8 Fire Magic
 + Level 1.8 Ice Magic
 + Level 1.8 Air Magic
 + Level 1.8 Earth Magic
 + Level 1.8 Poison Magic
 + Level 2.5 Invocations
 + Level 2.2 Evocations


You had 9 spell levels left.
You knew the following spells:

 Your Spells              Type           Power      Damage    Failure   Level
a - Pain                  Necr           48%        1d6       16%         1
b - Vampiric Draining     Necr           12%        2d6       41%         3

Your spell library contained the following spells:

 Spells                   Type           Power      Damage    Failure   Level
 Sandblast                Erth           12%        2d6       38%         1
 Passwall                 Tmut/Erth      5%         N/A       52%         2
 Stone Arrow              Conj/Erth      12%        3d7       77%         3

Inventory:

Hand Weapons
 a - a +0 dagger {short}
 j - a +3 quarterstaff of chaos (weapon) {staff}
   (You took it off Crazy Yiuf on level 2 of the Dungeon)
Missiles
 b - 3 boomerangs (quivered) {throwing}
 g - 215 stones {throwing}
 m - 5 poisoned darts {throwing}
Armour
 c - a +2 scale mail (worn)
 h - +0 steam dragon scales
   (You found it on level 2 of the Dungeon)
 p - a +0 helmet (worn)
   (You took it off Robin on level 3 of the Dungeon)
 u - a +0 cloak (worn)
   (You took it off Crazy Yiuf on level 2 of the Dungeon)
Magical Staves
 r - a staff of earth {!astaff}
   (You found it on level 3 of the Dungeon)
Jewellery
 f - an amulet of guardian spirit (around neck)
   (You found it on level 1 of the Dungeon)
Wands
 t - a wand of polymorph (2)
   (You took it off Crazy Yiuf on level 2 of the Dungeon)
Scrolls
 d - a scroll of silence {!r}
 i - a scroll of magic mapping {!r}
 k - a scroll of noise {!r}
 o - a scroll of brand weapon

Dungeon Overview and Level Annotations

Branches:
Dungeon (5/15)             Temple (1/1) D:4

Altars:
Cheibriados
Elyvilon
Fedhas
Gozag
Makhleb
Nemelex Xobeh
Okawaru
Qazlal
Trog
Uskayaw
Vehumet
Wu Jian
Yredelemnul
Zin

Shops:
D:1 [   D:4 ?(!

Annotations:
D:4 3 runed translucent doors, Edmund

.... ..##...... .....
###.#...>...
....##........... .
...............#
..######...........#
............$.....##
#..g..#.##...##.... ..
####go..##.S.......
...#h@gSo..###o###...
......o#####...#..##.#.
#.....########.......#
##.##.....#.......[.....
.. #.......#####.##....
# ##.....### .# ....
#......### .# ..#
#.####<..# .. .. ..
###.# #.


You could see a hound, an orc priest, 2 gnolls, an adder and 2 orcs.


Message History

Unknown command.
Unknown command.
Unknown command.
Okay, then.
Okay, then.
Okay, then.
Okay, then.
Okay, then.
Casting: Vampiric Draining (quite dangerous; 41% risk of failure)
Confirm with . or Enter, or press ? or * to list all spells.
The spell is quite dangerous to miscast (41% risk of failure)!
Continue anyway?
Aiming: Vampiric Draining (quite dangerous; 41% risk of failure)
Press: ? - help, Shift-Dir - straight line, f - orc
Aim: an orc, wielding a +0 club You draw life force from the orc.
You feel life coursing into your body.
The gnoll closely misses you. 😨 HP[+3] MP[-3]
You regained 3 hp, and now have 19/50 hp.
You lost 3 mp, and now have 1/12 mp.
Magic courses through your body.
An orc comes into view. It is wielding a +0 vorpal mace.
The orc hits you but does no damage. The orc barely misses you. 😨 MP[+11]
Your mp is fully restored (12).
Casting: Vampiric Draining (quite dangerous; 41% risk of failure)
Confirm with . or Enter, or press ? or * to list all spells.
The spell is quite dangerous to miscast (41% risk of failure)!
Continue anyway?
Aiming: Vampiric Draining (quite dangerous; 41% risk of failure)
Press: ? - help, Shift-Dir - straight line, f/p - orc
Aim: an orc, wielding a +0 club (almost dead)
You draw life force from the orc!
You kill the orc!
The orc shouts!
The gnoll closely misses you. 😨 MP[-3]
You lost 3 mp, and now have 9/12 mp.
Casting: Vampiric Draining (quite dangerous; 41% risk of failure)
Confirm with . or Enter, or press ? or * to list all spells.
The spell is quite dangerous to miscast (41% risk of failure)!
Continue anyway?
Aiming: Vampiric Draining (quite dangerous; 41% risk of failure)
Press: ? - help, Shift-Dir - straight line, f - gnoll
Aim: a gnoll, wielding a +0 club You draw life force from the gnoll.
You feel life coursing into your body. The orc hits you but does no damage.
The gnoll hits you with a +0 club.
* * * LOW HITPOINT WARNING * * *
The gnoll hits you but does no damage. 😨 HP[-1] MP[-5]
You take 1 damage, and now have 18/50 hp.
You lost 5 mp, and now have 4/12 mp.
Casting: Vampiric Draining (quite dangerous; 41% risk of failure)
Confirm with . or Enter, or press ? or * to list all spells.
The spell is quite dangerous to miscast (41% risk of failure)!
Continue anyway?
Aiming: Vampiric Draining (quite dangerous; 41% risk of failure)
Press: ? - help, Shift-Dir - straight line, f/p - gnoll
Aim: a gnoll, wielding a +0 club (moderately wounded)
You miscast Vampiric Draining.
You are very lightly contaminated with residual magic.
Nothing appears to happen.
The orc priest mumbles some strange prayers to Beogh against you.
Beogh smites you!
* * * LOW HITPOINT WARNING * * *
The orc barely misses you. 😱 HP[-10] MP[-3]
You take 10 damage, and now have 8/50 hp.
You lost 3 mp, and now have 1/12 mp.
You aren't carrying any potions.
Okay, then.
Okay, then.
Okay, then.
You barely miss the gnoll. The gnoll barely misses you.
The gnoll is distracted by your dazzling golden aura.
The orc closely misses you.
The gnoll shouts!
You hit the gnoll. Lightning courses through the gnoll!
You kill the gnoll!
The adder is distracted by your dazzling golden aura.
The gnoll hits you but does no damage.
The hound bites you but does no damage. 😱 MP[+1]
You barely miss the hound.
The adder is no longer distracted by gold.
The orc hits you with a +0 dagger.
* * * LOW HITPOINT WARNING * * *
The gnoll is distracted by your dazzling golden aura.
The gnoll hits you with a +0 whip.
* * * LOW HITPOINT WARNING * * *
The hound barely misses you. 😱 HP[-6] MP[-1]
You take 6 damage, and now have 2/50 hp.
You lost 1 mp, and now have 1/12 mp.
You hit the hound but do no damage. You bite the hound, but do no damage.
The gnoll is no longer distracted by gold.
The hound bites you but does no damage. The orc hits you but does no damage.
The gnoll barely misses you.
Unknown command.
Unknown command.
You closely miss the hound. The hound bites you but does no damage.
The orc priest invokes the aid of Beogh against you.
Beogh smites you!
You die...
Your body crumbles into a pile of gold.

Skill      XL: |  1  2  3  4  5  6 |
---------------+-------------------+-----
Invocations    | 1 2 |  2.5
Fighting       | 1 2 |  2.2
Short Blades   | 1 2 |  2.2
Long Blades    | 1 2 |  2.2
Axes           | 1 2 |  2.2
Maces & Flails | 1 2 |  2.2
Polearms       | 1 2 |  2.2
Staves         | 1 2 |  2.2
Slings         | 1 2 |  2.2
Bows           | 1 2 |  2.2
Crossbows      | 1 2 |  2.2
Stealth        | 1 2 |  2.2
Shields        | 1 2 |  2.2
Unarmed Combat | 1 2 |  2.2
Evocations     | 1 2 |  2.2
Spellcasting   | 3 |  3.6
Conjurations   | 1 |  1.8
Hexes          | 1 |  1.8
Summonings     | 1 |  1.8
Translocations | 1 |  1.8
Transmutations | 1 |  1.8
Fire Magic     | 1 |  1.8
Ice Magic      | 1 |  1.8
Air Magic      | 1 |  1.8
Earth Magic    | 1 |  1.8
Poison Magic   | 1 |  1.8
Necromancy     | 4 |  4.2
Armour         | 5 |  5.1
Dodging        | 5 |  5.1
Throwing       | |  6.9

Action                   |  1- 3 |  4- 6 |  7- 9 || total
-------------------------+-------+-------+-------++-------
Melee: Dagger            |    59 |    59 |       ||   118
       Bite              |     5 |    19 |     2 ||    26
       Punch             |     1 |     1 |       ||     2
       Quarterstaff      |       |   105 |     8 ||   113
       Unarmed           |       |     2 |       ||     2
Throw: Boomerang         |    43 |    74 |       ||   117
 Cast: Vampiric Draining |     2 |       |     3 ||     5
  Use: Potion            |       |    13 |     2 ||    15
       Scroll            |       |     9 |       ||     9
 Stab: Paralysed         |       |     1 |       ||     1
Armor: Scale mail        |    27 |    81 |    24 ||   132
Dodge: Dodged            |    31 |    99 |    22 ||   152

Levels and vault maps discovered:
D:1:      dpeg_arrival_renting, layout_rooms, serial_shops,
          nicolae_shop_advertising_works [nicolae_subvault_shop_adworks]
D:2:      layout_loops_cross, grunt_ministairs_6, uniq_crazy_yiuf_cottage,
          uniq_jessica
D:3:      layout_rooms, hellmonk_ecumenical_altar_run_dry, uniq_robin,
          uniq_terence
D:4:      layout_loops_ring, minmay_temple_entry_grid, serial_shops,
          nicolae_take_the_stairs, nicolae_shop_trees,
          nicolae_shop_hallway_plus, gammafunk_ghost_cemetery, uniq_edmund
D:5:      layout_rooms, grunt_temple_overflow_diamond, kennysheep_nub,
          uniq_eustachio
Temple:   hc_temple_tempest_star

Notes
Turn   | Place    | Note
-------+----------+-------------------------------------------
     0 | D:1      | spaghetti the Gnoll Wanderer began the quest for the Orb.
     0 | D:1      | spaghetti set off with the following items: a +0 dagger
                  | {short}, 10 boomerangs {throwing}, a +2 scale mail, a
                  | scroll of silence {!r}; and the following spell memorised:
                  | Pain; and the following spells available to memorise:
                  | Vampiric Draining
     0 | D:1      | Reached XP level 1. HP: 13/13 MP: 4/4
     0 | D:1      | magus.rc [v1.9.6]
   356 | D:1      | Reached XP level 2. HP: 19/19 MP: 5/5
   525 | D:1      | Found Qigirayl's Armour Emporium.
   670 | D:2      | Reached XP level 3. HP: 25/25 MP: 7/7
   704 | D:1      | Reached skill level 1 in Invocations
   708 | D:1      | Learned a level 3 spell: Vampiric Draining
   851 | D:2      | Reached skill level 1 in Fighting
   851 | D:2      | Reached skill level 1 in Short Blades
   851 | D:2      | Reached skill level 1 in Long Blades
   851 | D:2      | Reached skill level 1 in Axes
   851 | D:2      | Reached skill level 1 in Maces & Flails
   851 | D:2      | Reached skill level 1 in Polearms
   851 | D:2      | Reached skill level 1 in Staves
   851 | D:2      | Reached skill level 1 in Slings
   851 | D:2      | Reached skill level 1 in Bows
   851 | D:2      | Reached skill level 1 in Crossbows
   851 | D:2      | Reached skill level 1 in Stealth
   851 | D:2      | Reached skill level 1 in Shields
   851 | D:2      | Reached skill level 1 in Unarmed Combat
   851 | D:2      | Reached skill level 1 in Evocations
   935 | D:2      | Reached XP level 4. HP: 31/32 MP: 1/8
  1007 | D:2      | You pick up a book of Geomancy and begin reading...
  1007 | D:2      | You add the spells Sandblast, Passwall and Stone Arrow to
                  | your library.
  1012 | D:2      | Noticed Jessica
  1015 | D:2      | Killed Jessica
  1016 | D:2      | Reached skill level 3 in Spellcasting
  1016 | D:2      | Reached skill level 1 in Conjurations
  1016 | D:2      | Reached skill level 1 in Hexes
  1016 | D:2      | Reached skill level 1 in Summonings
  1016 | D:2      | Reached skill level 1 in Translocations
  1016 | D:2      | Reached skill level 1 in Transmutations
  1016 | D:2      | Reached skill level 1 in Fire Magic
  1016 | D:2      | Reached skill level 1 in Ice Magic
  1016 | D:2      | Reached skill level 1 in Air Magic
  1016 | D:2      | Reached skill level 1 in Earth Magic
  1016 | D:2      | Reached skill level 1 in Poison Magic
  1717 | D:2      | Reached XP level 5. HP: 24/37 MP: 6/9
  1969 | D:2      | Found a runed translucent door.
  1970 | D:2      | Noticed Crazy Yiuf
  1981 | D:2      | Killed Crazy Yiuf
  2050 | D:3      | Noticed a steam dragon
  2058 | D:2      | HP: 7/37 [steam dragon (4)]
  2310 | D:2      | Killed a steam dragon
  2311 | D:2      | Reached skill level 4 in Necromancy
  2311 | D:2      | Reached skill level 2 in Invocations
  2311 | D:2      | Reached XP level 6. HP: 24/44 MP: 5/11
  2562 | D:3      | Reached skill level 5 in Armour
  2562 | D:3      | Reached skill level 5 in Dodging
  2730 | D:3      | Noticed Robin
  2753 | D:3      | Reached skill level 2 in Fighting
  2753 | D:3      | Reached skill level 2 in Short Blades
  2753 | D:3      | Reached skill level 2 in Long Blades
  2753 | D:3      | Reached skill level 2 in Axes
  2753 | D:3      | Reached skill level 2 in Maces & Flails
  2753 | D:3      | Reached skill level 2 in Polearms
  2753 | D:3      | Reached skill level 2 in Staves
  2753 | D:3      | Reached skill level 2 in Slings
  2753 | D:3      | Reached skill level 2 in Bows
  2753 | D:3      | Reached skill level 2 in Crossbows
  2753 | D:3      | Reached skill level 2 in Stealth
  2753 | D:3      | Reached skill level 2 in Shields
  2753 | D:3      | Reached skill level 2 in Unarmed Combat
  2753 | D:3      | Reached skill level 2 in Evocations
  2767 | D:3      | Killed Robin
  3165 | D:3      | Found a faded altar of an unknown god.
  3332 | D:3      | Noticed Terence
  3341 | D:3      | Killed Terence
  3377 | D:4      | Found a staircase to the Ecumenical Temple.
  3386 | Temple   | Entered the Ecumenical Temple
  3441 | Temple   | Became a worshipper of Gozag Ym Sagoz the Greedy
  3493 | D:4      | Found Weyf Itwa's Antique Weapon Shop.
  3503 | D:4      | HP: 11/44 [orc priest/divine providence (11)]
  3509 | D:4      | HP: 3/44 [orc priest/divine providence (11)]
  3593 | D:4      | Found Pempeokh's Magic Scroll Emporium.
  3598 | D:4      | Bought a scroll of blinking for 97 gold pieces
  3598 | D:4      | Bought a scroll of identify for 26 gold pieces
  3668 | D:4      | Found a runed translucent gate.
  3668 | D:4      | Found a runed translucent gate.
  3670 | D:4      | Found a runed translucent gate.
  3720 | D:4      | Noticed Edmund
  3774 | D:4      | Found Aboq's Distillery.
  3839 | D:5      | Entered Level 5 of the Dungeon
  4020 | D:5      | Reached XP level 7. HP: 37/50 MP: 7/12
  4045 | D:5      | HP: 8/50 [orc priest/divine providence (10)]
  4048 | D:5      | HP: 2/50 [gnoll/+0 whip (3)]
  4050 | D:5      | Killed from afar by an orc priest

Vanquished Creatures
  A steam dragon (D:2)
  A howler monkey (D:5)
  2 orc priests (D:4)
  Crazy Yiuf (D:2)
  Jessica (D:2)
  Terence (D:3)
  Robin (D:3)
  An adder (D:2)
  4 gnolls
  2 worms (D:2)
  4 dart slugs
  7 orcs
  11 ball pythons
  2 bats
  7 endoplasms
  3 giant cockroaches
  12 goblins
  10 hobgoblins
  9 kobolds
  3 quokkas
  5 frilled lizards
  8 rats
96 creatures vanquished.

Vanquished Creatures (others)
  2 fungi (D:2)
2 creatures vanquished.

Grand Total: 98 creatures vanquished

Table legend:
 A = Non-vault XP
 B = Vault XP
 C = Vault XP percentage of total XP
 D = Non-vault monster count
 E = Vault monster count
 F = Vault count percentage of total count
                 A         B        C        D         E       F
            +---------+---------+-------+---------+---------+-------
      Total |     498 |     189 |  27.5 |      78 |      18 |  18.8
            +---------+---------+-------+---------+---------+-------
        D:1 |      28 |      14 |  33.3 |      18 |       1 |   5.3
        D:2 |     249 |     107 |  30.1 |      26 |       5 |  16.1
        D:3 |      41 |      68 |  62.4 |      21 |      12 |  36.4
        D:4 |     108 |       0 |   0.0 |      10 |       0 |   0.0
        D:5 |      72 |       0 |   0.0 |       3 |       0 |   0.0
            +---------+---------+-------+---------+---------+-------

Illustrated notes

Table legend:
 A = Kills in this place as a percentage of kills in entire the game.
 B = Kills by you in this place as a percentage of kills by you in the entire game.
 C = Kills by friends in this place as a percentage of kills by friends in the entire game.
 D = Other kills in this place as a percentage of other kills in the entire game.
 E = Experience gained in this place as a percentage of experience gained in the entire game.
 F = Experience gained in this place divided by the number of levels of this place that you have seen.
                   A       B       C       D       E      F
               +-------+-------+-------+-------+-------+----------------------
         Total | 100.0 | 100.0 |   N/A |   N/A | 100.0 | 114.5
       Dungeon | 100.0 | 100.0 |   N/A |   N/A | 100.0 | 137.4
               +-------+-------+-------+-------+-------+----------------------

Table legend: (Time is in decaauts)
 A = Elapsed time spent in this place.
 B = Non-inter-level travel time spent in this place.
 C = Inter-level travel time spent in this place.
 D = Time resting spent in this place.
 E = Time spent auto-exploring this place.
 F = Levels seen in this place.
 G = Mean time per level.
                   A        B        C        D        E       F      G
               +--------+--------+--------+--------+--------+-----+--------+
         Total |   4061 |   3889 |    172 |    936 |   2237 |   6 |  676.8 |
       Dungeon |   3983 |   3823 |    160 |    936 |   2188 |   5 |  796.6 |
        Temple |     78 |     66 |     12 |      0 |     49 |   1 |   78.0 |
               +--------+--------+--------+--------+--------+-----+--------+

Top non-repeatable levels by time:
     D:2: 1400 daAuts
     D:1: 1037 daAuts
     D:3: 928 daAuts
     D:4: 409 daAuts
     D:5: 207 daAuts
  Temple: 78 daAuts
